AoeStats
← damiansima

Pilgrims

509757020Analyzed
4v4 RM · 5d ago on Sep 27, 2026· 39m 57s· 8 players
Game mode
Random Map
Map size
Large (8 player)
Population
200
Speed
Normal
Resources
Standard
Victory
Conquest
Starting age
Dark Age
Ending age
Imperial Age
RankedLock teamsTeams togetherTeam positionsShared explorationLock speedFull tech treeHidden civsTurbo modeCheats
Victory
Defeat
🇨🇴 Bengalis · Colombia
1136
+16
🇹🇼 Romans · Taiwan
1121
+17
🇲🇽 Huns · Mexico
1105
+18
🇲🇽 Persians · Mexico
1103
+18
🇺🇸 Byzantines · United States
1178
-18
🇺🇸 Italians · United States
1150
-18
🇦🇷 Jurchens · Argentina
1139
-17
🇺🇾 Cumans · Uruguay
1109
-16
[BuluC]Not_the_Viper
3:52 Loom
10:41 Feudal Age
15:15 Castle Age
14:28 Double-Bit Axe
14:37 Stone Mining
16:07 Medium Warships
17:41 Wheelbarrow
17:56 Bow Saw
19:57 Fishing Lines
23:52 Hand Cart
25:03 Town Watch
25:40 Gold Mining
36:16 Horse Collar
39:07 Gillnets
39:58 Heavy Plow
尿尿完要膽丹丹
6:40 Loom
13:06 Feudal Age
13:49 Fishing Lines
14:07 Man-at-Arms
16:22 Scale Mail Armor
16:33 Forging
25:22 Horse Collar
29:49 Castle Age
30:19 Wheelbarrow
29:30 Town Watch
29:57 Pikeman
29:58 Long Swordsman
30:38 Squires
31:31 Chain Mail Armor
31:20 Gillnets
32:22 Iron Casting
33:00 Padded Archer Armor
32:51 Fletching
J_Dav
13:05 Feudal Age
19:47 Castle Age
18:15 Padded Archer Armor
18:58 Fletching
20:48 Medium Warships
21:01 Leather Archer Armor
21:20 Loom
24:33 Bloodlines
26:59 Forging
30:30 Scale Barding Armor
33:47 Bodkin Arrow
35:07 Wheelbarrow
35:37 Thumb Ring
37:37 Horse Collar
37:45 Double-Bit Axe
39:53 Iron Casting
Guerreromix1
5:38 Loom
11:51 Feudal Age
14:13 Forging
14:04 Scale Mail Armor
13:58 Fletching
14:08 Padded Archer Armor
19:30 Castle Age
20:56 Medium Warships
22:09 Careening
23:38 Clinker Construction
23:27 Bodkin Arrow
24:48 Fishing Lines
27:08 Gillnets
27:22 Double-Bit Axe
31:45 Wheelbarrow
30:36 Pikeman
33:21 Gambesons
33:37 Squires
Evil Mechanic
4:00 Loom
13:12 Feudal Age
Salty
11:30 Feudal Age
13:06 Wheelbarrow
12:46 Fishing Lines
15:51 Castle Age
14:55 Double-Bit Axe
15:51 Fletching
16:45 Medium Warships
16:36 Bodkin Arrow
22:30 Gillnets
[sAnCoNo] Dr_SaLadoMaL
11:08 Loom
13:21 Feudal Age
14:27 Feudal Age
15:17 Double-Bit Axe
18:11 Castle Age
16:44 Fletching
19:23 Medium Warships
19:52 Bow Saw
19:38 Bodkin Arrow
21:00 Wheelbarrow
20:11 Town Watch
damiansima
9:55 Loom
11:40 Feudal Age
14:15 Double-Bit Axe
17:02 Castle Age
15:29 Bloodlines
15:30 Horse Collar
15:42 Gold Mining
17:06 Scale Barding Armor
18:23 Husbandry
20:46 Husbandry
31:13 Chain Barding Armor
32:55 Forging
Connection lost

Rejoining the realm…

Still unreachable

The connection could not be restored.

Session expired

The server has moved on; the page needs a fresh start.